 Dungeon Crawl Stone Soup version 0.31.0-12-g77e489cdc1 (webtiles) character file.

Game seed: 17864609728536422189

651 Silvore the Covered (level 7, 0/61 HPs)
             Began as a Minotaur Fighter on Feb 25, 2024.
             Was a Believer of Zin.
             Slain by a killer bee (7 damage)
             ... on level 5 of the Dungeon.
             The game lasted 00:04:04 (3083 turns).

Silvore the Covered (Minotaur Fighter)              Turns: 3083, Time: 00:04:05

Health: 0/61       AC: 11    Str: 25    XL:     7   Next: 28%
Magic:  6/6        EV: 10    Int: 11    God:    Zin [**....]
Gold:   251        SH:  5    Dex: 10    Spells: 6/6 levels left

rFire   . . .        a - +0 flail
rCold   . . .        c - +1 buckler
rNeg    . . .        b - +0 scale mail
rPois   .            (helmet restricted)
rElec   .            (no cloak)
rCorr   .            i - +2 pair of gloves {Str+3}
SInv    .            (no boots)
Will    .....        (no amulet) Stlth
                     j - +6 ring of intelligence
HPRegen 0.30/turn    (no ring)
MPRegen 0.10/turn

%: no passive effects
@: mighty
A: horns 2, retaliatory headbutt
a: Renounce Religion, Recite, Vitalisation, Donate Gold


You were on level 5 of the Dungeon.
You worshipped Zin.
Zin was pleased with you.
You visited 1 branch of the dungeon, and saw 5 of its levels.

You collected 278 gold pieces.
You donated 27 gold pieces to Zin.

Inventory:

Hand Weapons
 a - a +0 flail (weapon)
Armour
 b - a +0 scale mail (worn)
 c - a +1 buckler (worn)
 i - a +2 pair of gloves of strength (worn)
Jewellery
 e - a ring of protection from fire
 j - a +6 ring of intelligence (left hand)
 l - a ring of ice
Wands
 h - a wand of charming (7)
Scrolls
 m - a scroll of revelation
 n - 3 scrolls of teleportation
 o - a scroll of identify
Potions
 f - a potion of lignification {unknown}
 g - a potion of attraction {unknown}
 p - a potion of enlightenment {unknown}
 r - a potion of berserk rage {unknown}


   Skills:
 + Level 5.0 Fighting
 + Level 6.0 Maces & Flails
 + Level 6.6 Armour
 + Level 1.6 Dodging
 + Level 1.0 Stealth
 + Level 4.6 Shields


You had 6 spell levels left.
You didn't know any spells.
Your spell library contained the following spells:

 Spells                   Type           Power      Damage    Failure   Level
 Magic Dart               Conj           0%         1d3       67%         1
 Blink                    Tloc           0%         N/A       80%         2
 Call Imp                 Summ           0%         N/A       80%         2
 Lesser Beckoning         Tloc           0%         N/A       80%         2
 Dazzling Flash           Conj/Hex       0%         N/A       95%         3
 Gell's Gravitas          Tloc           0%         N/A       95%         3
 Hailstorm                Conj/Ice       0%         3d5       95%         3
 Summon Ice Beast         Ice/Summ       0%         N/A       95%         3
 Teleport Other           Tloc           0%         N/A       95%         3
 Volatile Blastmotes      Fire/Tloc      0%         2d10      95%         3
 Sculpt Simulacrum        Ice/Alch       0%         N/A       100%        6
 Starburst                Conj/Fire      0%         6d3       100%        6
 Maxwell's Capacitive Co  Air            0%         ∞         100%        8


Dungeon Overview and Level Annotations

Branches:
Dungeon (5/15)
 Temple: D:4-7

Altars:
Dithmenos
Elyvilon
Kikubaaqudgha
Nemelex Xobeh
Sif Muna
Uskayaw
Vehumet
Xom
Yredelemnul
Zin


Innate Abilities, Weirdness & Mutations

You have a pair of horns on your head.
You reflexively headbutt those who attack you in melee.


Message History

You miss the killer bee. Your headbutt misses the killer bee.
You feel sick. The killer bee barely misses you.
The killer bee stings you but does no damage.
You miss the killer bee.
You feel sick. You block the killer bee's attack.
The killer bee closely misses you.
You sock the killer bee! Your headbutt misses the killer bee.
The killer bee is heavily wounded.
You feel sick.
You are no longer poisoned.
You block the killer bee's attack. The killer bee barely misses you.
You furiously retaliate!
You headbutt the killer bee!
You kill the killer bee!
You closely miss the killer bee. Your headbutt misses the killer bee.
You block the killer bee's attack. x2
The killer bee stings you but does no damage.
You barely miss the killer bee. You headbutt the killer bee!
The killer bee is almost dead.
The killer bee stings you but does no damage.
The killer bee closely misses you.
You closely miss the killer bee. Your headbutt misses the killer bee.
The killer bee is almost dead.
The killer bee stings you but does no damage. x2
The orc priest hits you with a +0 dagger.
* * * LOW HITPOINT WARNING * * *
Unknown command.
You closely miss the orc priest.
The killer bee stings you but does no damage. x2
The orc priest hits you with a +0 dagger.
* * * LOW HITPOINT WARNING * * *
You closely miss the orc priest.
The killer bee stings you but does no damage. x2
The orc priest mumbles some strange prayers to Beogh against you.
Beogh smites you! Zin protects you from harm!
The killer bee stings you but does no damage.
Unknown command.
You closely miss the orc priest. You headbutt the orc priest!
The orc priest is severely wounded.
The killer bee stings you!
You die...

# . ##.#. #
###.#.. #.#
.#o.#.# ...
#.#@#.# .y
#.#y#.#
#.###†#o#.#
#.o.o.....#
#.)#####..#
#.. #.>#
.... #..#
###.. #.##
#!.#####.#


You could see a killer bee, an orc priest and an orc.

Vanquished Creatures
  A water moccasin (D:4)
  A phantom (D:4)
  3 killer bees (D:5)
  A jelly (D:4)
  A bombardier beetle (D:4)
  3 orc wizards (D:4)
  4 gnolls (D:4)
  7 adders
  A white imp (D:5)
  2 dart slugs
  6 ribbon worms
  2 orcs
  6 endoplasms
  5 giant cockroaches
  8 goblins
  9 hobgoblins
  7 jackals
  A quokka (D:2)
  6 ball pythons
  9 bats
  5 frilled lizards
  4 kobolds
  2 rats (D:1)
94 creatures vanquished.

Notes
Turn   | Place    | Note
-------+----------+-------------------------------------------
     0 | D:1      | Silvore the Minotaur Fighter began the quest for the Orb.
     0 | D:1      | Reached XP level 1. HP: 19/19 MP: 0/0
    45 | D:1      | You fall into a shaft and drop 1 floor!
   179 | D:1      | Reached XP level 2. HP: 20/27 MP: 1/1
   474 | D:1      | Reached XP level 3. HP: 32/33 MP: 2/2
   882 | D:2      | Found a faded altar of an unknown god.
  1159 | D:3      | Reached XP level 4. HP: 40/40 MP: 3/3
  1997 | D:4      | Found a radiant altar of Vehumet.
  2001 | D:4      | Reached XP level 5. HP: 46/46 MP: 4/4
  2005 | D:4      | Found an ancient bone altar of Kikubaaqudgha.
  2019 | D:4      | Found a shimmering blue altar of Sif Muna.
  2026 | D:4      | Reached skill level 5 in Armour
  2026 | D:4      | Reached skill level 1 in Dodging
  2150 | D:4      | Reached skill level 5 in Maces & Flails
  2151 | D:4      | Noticed a water moccasin
  2169 | D:4      | Killed a water moccasin
  2170 | D:4      | Reached XP level 6. HP: 33/53 MP: 5/5
  2177 | D:4      | HP: 2/53 [gnoll/+0 halberd (12)]
  2188 | D:4      | Reached skill level 1 in Stealth
  2329 | D:4      | Found a basalt altar of Yredelemnul.
  2363 | D:4      | Found a white marble altar of Elyvilon.
  2452 | D:4      | Found a shadowy altar of Dithmenos.
  2462 | D:4      | Found a sparkling altar of Nemelex Xobeh.
  2500 | D:4      | Became a worshipper of Elyvilon the Healer
  2536 | D:4      | Found a shimmering altar of Xom.
  2704 | D:4      | Found a hide-covered altar of Uskayaw.
  2749 | D:4      | Found a glowing silver altar of Zin.
  2840 | D:4      | Fell from the grace of Elyvilon
  2840 | D:4      | Became a worshipper of Zin the Law-Giver
  2840 | D:4      | Reached * piety under Zin
  2979 | D:5      | Entered Level 5 of the Dungeon
  3015 | D:5      | Reached XP level 7. HP: 52/60 MP: 6/6
  3042 | D:5      | Reached ** piety under Zin
  3065 | D:5      | HP: 1/60 [killer bee (4)]
  3070 | D:5      | Reached skill level 5 in Fighting
  3082 | D:5      | Zin protects you from harm!
  3083 | D:5      | Slain by a killer bee

Illustrated notes

Levels and vault maps discovered:
D:1:      psy_arrival_whirlpool, layout_loops_ring
D:2:      layout_rooms, hellmonk_ecumenical_altar_zigzags
D:3:      layout_basic, grunt_ministairs_10, nrook_mini_vaults
D:4:      layout_basic, palyth_temple_overflow_mages, marbit_many_paths,
          general_overflow_altar, mainiacjoe_overflow_boulevard,
          mainiacjoe_overflow_alcove_2, amethyst_overflow_temple_binary,
          elyvilon_altar_5, grunt_tough_drop
D:5:      layout_loops_ring, minmay_misc_feat_pillars

Skill      XL: |  1  2  3  4  5  6  7 |
---------------+----------------------+-----
Armour         | 4 5 6 |  6.6
Shields        | 4 |  4.6
Maces & Flails | 3 4 5 6 |  6.0
Fighting       | 4 5 |  5.0
Dodging        | 1 |  1.6
Stealth        | 1 |  1.0

Action                     |  1- 3 |  4- 6 |  7- 9 || total
---------------------------+-------+-------+-------++-------
  Melee: Flail             |    93 |   107 |    22 ||   222
         Headbutt          |     8 |    19 |     2 ||    29
    Use: Scroll            |     4 |     5 |       ||     9
         Potion            |       |     6 |     3 ||     9
 Armour: Scale mail        |    76 |    84 |    31 ||   191
  Dodge: Dodged            |    35 |    62 |    18 ||   115
  Block: Buckler           |    21 |    32 |    15 ||    68
